 Dungeon Crawl Stone Soup version 0.22.1-2-g9c5b331 (webtiles) character file.

581 MalarOregon the Ducker (level 7, 0/53 HPs)
             Began as a Merfolk Venom Mage on Nov 23, 2018.
             Slain by Pikel
             ... wielding a +2 whip of flaming
              (2 damage)
             ... on level 4 of the Dungeon.
             The game lasted 00:08:12 (3852 turns).

MalarOregon the Ducker (Merfolk Venom Mage)         Turns: 3852, Time: 00:08:12

Health: 0/53       AC:  4    Str:  8    XL:     7   Next: 36%
Magic:  2/12       EV: 12    Int: 17    God:
Gold:   204        SH:  6    Dex: 14    Spells: 3/13 levels left

rFire    . . .     SeeInvis .   c - +3 dagger (protect)
rCold    . . .     Gourm    .   b - +0 shield
rNeg     + . .     Faith    .   a - +1 robe
rPois    .         Spirit   .   s - +0 helmet (curse)
rElec    .         Reflect  .   (no cloak)
rCorr    .         Harm     .   (no gloves)
MR       .....                  (no boots)
Stlth    ++........             (no amulet)
HPRegen  0.17/turn              (no ring)
MPRegen  0.13/turn              k - ring of positive energy

@: very slightly contaminated
A: change form in water, swift swim, stealthy swim
a: no special abilities


You were on level 4 of the Dungeon.
You were not hungry.

You visited 1 branch of the dungeon, and saw 4 of its levels.

You collected 204 gold pieces.

Inventory:

Hand Weapons
 c - a +3 dagger of protection (weapon)
   (You took it off a goblin on level 1 of the Dungeon)
Armour
 a - a +1 robe (worn)
 b - a +0 shield (worn)
   (You found it on level 4 of the Dungeon)
 s - a cursed +0 helmet (worn)
   (You found it on level 3 of the Dungeon)
Jewellery
 f - an uncursed ring of ice
   (You found it on level 1 of the Dungeon)
 k - a ring of positive energy (right hand)
   (You found it on level 1 of the Dungeon)
Scrolls
 d - 3 scrolls of enchant weapon
 g - 3 scrolls of teleportation {@r4}
 h - 3 scrolls of remove curse {@r2}
 n - 2 scrolls of magic mapping
 q - a scroll of identify {@r1}
 t - a scroll of fear
Potions
 i - 2 potions of might {unknown}
 j - a potion of heal wounds {unknown}
 l - 3 potions of haste {unknown}
 m - a potion of resistance {unknown}
 o - 3 potions of mutation {!q}
 p - a potion of berserk rage {unknown}
 r - 4 potions of curing {unknown}
 u - 2 potions of flight {unknown}
Comestibles
 e - 8 rations {!d}


   Skills:
 + Level 3.9 Fighting
 + Level 5.5 Dodging
 - Level 2.1 Stealth
 + Level 0.5 Shields
 + Level 3.9 Spellcasting
 - Level 1.0 Conjurations
 + Level 5.2 Poison Magic


You had 3 spell levels left.
You knew the following spells:

 Your Spells              Type           Power        Failure   Level  Hunger
a - Sting                 Conj/Pois      ##..         28%         1    None
f - Mephitic Cloud        Conj/Pois/Air  ##......     80%         3    ###....
x - Poisonous Vapours     Pois/Air       ##....       47%         2    ##.....
y - Olgreb's Toxic Radia  Pois           ###.....     75%         4    ####...

Your spell library contained the following spells:

 Spells                   Type           Power        Failure   Level  Hunger
 Venom Bolt               Conj/Pois      ##........   100%        5    ######.


Dungeon Overview and Level Annotations

Branches:
Dungeon (4/15)
 Temple: D:4-7

Altars:

Annotations:
D:4 Pikel


Message History

You hear a whooshing sound.
Pikel barely misses you.
You hit Pikel but do no damage.
Your weapon exudes an aura of protection.
Pikel hits you but does no damage.
A slave comes into view.
You barely miss Pikel. Pikel barely misses you.
You hit Pikel but do no damage. Pikel barely misses you.
You hit Pikel but do no damage. You block Pikel's attack.
Pikel hits you with a whip of flaming. Pikel burns you.
Your shield prevents you from hitting Pikel.
Pikel hits you with a whip of flaming! Pikel burns you.
* * * LOW HITPOINT WARNING * * *
You hit Pikel but do no damage.
Pikel says, "You'll feel the lick of my whip!"
Pikel barely misses you.
You closely miss Pikel. Pikel hits you but does no damage.
You hit Pikel. Pikel closely misses you.
Aim: Pikel, wielding a whip of flaming and wearing a robe (moderately wounded, Poisonous vapours surround Pikel!
Pikel is engulfed in poison gas.
Pikel looks even sicker.
Pikel hits you with a whip of flaming.
* * * LOW HITPOINT WARNING * * *
Pikel burns you.
* * * LOW HITPOINT WARNING * * *
Put on which piece of jewellery? (? for menu, Esc to quit)
You remove your ring of ice.
You hit Pikel but do no damage. Pikel hits you but does no damage.
You closely miss Pikel. Pikel barely misses you.
You closely miss Pikel. You block Pikel's attack. Pikel barely misses you.
Your shield prevents you from hitting Pikel.
Pikel hits you with a whip of flaming!
* * * LOW HITPOINT WARNING * * *
Pikel burns you.
* * * LOW HITPOINT WARNING * * *
You closely miss Pikel. Pikel barely misses you.
You hit Pikel.
Your weapon exudes an aura of protection.
Pikel hits you but does no damage.
You don't have enough magic to cast that spell.
You hit Pikel but do no damage. Pikel hits you with a whip of flaming!
* * * LOW HITPOINT WARNING * * *
Pikel burns you.
* * * LOW HITPOINT WARNING * * *
Unknown command.
Pikel looks more healthy.
Pikel cracks his whip.
Pikel hits you with a whip of flaming.
* * * LOW HITPOINT WARNING * * *
Pikel burns you.
You die...

#.###.##
#.# .# #.#
# # #.#
#.# #.#
#p# ####
#K###.####
....
#.@.......
.##.
##########
.... ####


You could see Pikel and a slave.

Vanquished Creatures
  3 slaves (D:3)
  An ogre (D:3)
  2 scorpions (D:4)
  2 hounds (D:4)
  2 orc priests
  Natasha (thrice) (D:4)
  An orc wizard (D:3)
  2 worker ants (D:4)
  A killer bee zombie (D:4)
  A howler monkey skeleton (D:4)
  3 adders
  6 leopard geckos
  5 orcs
  A ball python (D:2)
  2 bats (D:1)
  6 giant cockroaches
  10 hobgoblins
  6 jackals (D:3)
  7 kobolds
  A quokka (D:2)
  6 frilled lizards
  7 goblins
  8 rats
86 creatures vanquished.

Notes
Turn   | Place    | Note
-------+----------+-------------------------------------------
     0 | D:1      | MalarOregon the Merfolk Venom Mage began the quest for the
                  | Orb.
     0 | D:1      | Reached XP level 1. HP: 13/13 MP: 3/3
   260 | D:1      | Reached skill level 1 in Conjurations
   260 | D:1      | Reached XP level 2. HP: 20/20 MP: 0/5
   721 | D:2      | Reached skill level 1 in Fighting
   746 | D:2      | Reached XP level 3. HP: 26/26 MP: 6/6
  1040 | D:2      | Learned a level 2 spell: Poisonous Vapours
  1085 | D:2      | Reached XP level 4. HP: 32/32 MP: 5/7
  1516 | D:3      | Reached XP level 5. HP: 18/38 MP: 5/9
  1683 | D:2      | Learned a level 4 spell: Olgreb's Toxic Radiance
  1740 | D:3      | Found a faded altar of an unknown god.
  1867 | D:3      | Learned a level 3 spell: Mephitic Cloud
  2548 | D:4      | Noticed an ogre
  2625 | D:4      | Noticed a slave
  2626 | D:4      | Noticed a slave
  2627 | D:4      | Noticed Pikel
  2634 | D:4      | Noticed a slave
  2653 | D:3      | Killed an ogre
  2653 | D:3      | Reached XP level 6. HP: 11/47 MP: 2/11
  2913 | D:3      | Killed a slave
  2917 | D:3      | Killed a slave
  2921 | D:3      | Killed a slave
  3259 | D:4      | Reached skill level 5 in Dodging
  3310 | D:4      | Noticed Natasha
  3313 | D:4      | Killed Natasha
  3395 | D:4      | Noticed Natasha
  3398 | D:4      | Killed Natasha
  3398 | D:4      | Reached skill level 5 in Poison Magic
  3398 | D:4      | Reached XP level 7. HP: 40/52 MP: 5/12
  3631 | D:4      | Noticed Natasha
  3637 | D:4      | Killed Natasha
  3852 | D:4      | HP: 2/53 [Pikel/whip of flaming (6)]
  3852 | D:4      | Slain by Pikel

Skill      XL: |  1  2  3  4  5  6 |
---------------+-------------------+-----
Conjurations   | 1 |  1.0
Dodging        | 3 4 5 |  5.5
Fighting       | 1 2 3 |  3.9
Poison Magic   | 4 5 |  5.2
Spellcasting   | 3 |  3.9
Stealth        | |  2.1
Shields        | |  0.5

Action                   |  1- 3 |  4- 6 |  7- 9 || total
-------------------------+-------+-------+-------++-------
Melee: Unarmed           |     2 |       |       ||     2
       Dagger            |    95 |   127 |    52 ||   274
 Cast: Sting             |    31 |     2 |     1 ||    34
       Poisonous Vapours |       |    24 |    13 ||    37
       Olgreb's Toxic Ra |       |     4 |       ||     4
  Use: Scroll            |     8 |       |       ||     8
 Stab: Sleeping          |     8 |     1 |     1 ||    10
  Eat: Chunk             |     1 |    10 |     2 ||    13
Armor: Robe              |    38 |    39 |    19 ||    96
Dodge: Dodged            |    70 |    94 |    39 ||   203
Block: Shield            |       |       |     6 ||     6
